 Dungeon Crawl Stone Soup version 0.18-a0-1273-g8ec5f8e (webtiles) character file.

8500 st0uf the Cruncher (level 11, -3/84 HPs)
             Began as a Formicid Fighter on Feb 7, 2016.
             Was a Believer of Ru.
             Slain by an ice dragon (9 damage)
             ... on level 10 of the Dungeon.
             The game lasted 01:09:24 (11944 turns).

st0uf the Cruncher (Formicid Fighter)              Turns: 11944, Time: 01:09:24

Health: -3/84      AC: 10    Str: 22    XL:     11   Next: 57%
Magic:  11/11      EV: 14    Int:  7    God:    Ru [**....]
Gold:   152        SH: 12    Dex: 13    Spells: 0 memorised, 10 levels left

rFire  x . .     SeeInvis +     a - +0 quarterstaff
rCold  + . .     Gourm    .     l - +3 ring mail
rNeg   . . .     Faith    .     c - +0 shield
rPois  .         Spirit   .     (helmet unavailable)
rElec  .         Dismiss  .     L - +0 cloak
rCorr  .         Reflect  .     (no gloves)
SustAt .         Harm     .     (no boots)
MR     ++...                    (no amulet)
Stlth  +.........               H - ring of ice
                                v - ring of protection from magic

@: very resistant to hostile enchantments, very unstealthy
A: permanent stasis, dig shafts and tunnels, four strong arms, antennae 3, hated
by all, inexperienced 1
a: Dig, Shaft Self, Renounce Religion


You were on level 10 of the Dungeon.
You worshipped Ru.
Ru was pleased with you.
You were not hungry.

You visited 2 branches of the dungeon, and saw 11 of its levels.
You also visited: Sewer.

You collected 314 gold pieces.
You spent 162 gold pieces at shops.

Inventory:

Hand Weapons
 a - a +0 quarterstaff (weapon)
 C - a +0 blowgun
 P - a +0 hunting sling
Missiles
 e - 206 stones
 q - 11 tomahawks (quivered)
 D - 7 poisoned needles
 G - 7 javelins
Armour
 b - a +0 scale mail
 c - a +0 shield (worn)
 l - a +3 ring mail (worn)
 L - a +0 cloak (worn)
 M - a +2 buckler
Jewellery
 v - a ring of protection from magic (left hand)
 E - an uncursed ring of poison resistance
 H - a ring of ice (right hand)
Wands
 d - a wand of iceblast (12/15)
 s - a wand of slowing (35/48)
 F - a wand of paralysis (13/24)
 K - a wand of iceblast (5/15)
Scrolls
 h - 8 scrolls of remove curse {unknown}
 i - 5 scrolls of fear {unknown}
 j - a scroll of noise {unknown}
 k - a scroll of enchant armour {unknown}
 m - 2 scrolls of immolation {unknown}
 n - 4 scrolls of identify
 u - a scroll of recharging {unknown}
 w - 2 scrolls of random uselessness {unknown}
 x - a scroll of teleportation {unknown}
 I - 4 scrolls of fog {unknown}
 R - a scroll of blinking {unknown}
Potions
 o - 2 potions of heal wounds
 p - 4 potions of agility
 A - 2 potions of flight
 B - a potion of ambrosia
 J - 3 potions of curing
 N - a potion of mutation
Books
 y - an Akashic Record

   Spells                             Type                      Level
   a - Dispersal                      Translocation                6
   b - Malign Gateway                 Summoning/Translocation      7
   c - Disjunction                    Translocation                8
   d - Controlled Blink               Translocation                8
 z - a book of Power

   Spells                             Type                      Level
   a - Fulminant Prism                Conjuration/Hexes            4
   b - Iskenderun's Mystic Blast      Conjuration                  4
   c - Venom Bolt                     Conjuration/Poison           5
   d - Bolt of Magma                  Conjuration/Fire/Earth       5
   e - Iron Shot                      Conjuration/Earth            6
   f - Orb of Destruction             Conjuration                  7
   g - Spellforged Servitor           Conjuration/Summoning        7
 O - a book of Cantrips

   Spells                             Type                      Level
   a - Corona                         Hexes                        1
   b - Animate Skeleton               Necromancy                   1
   c - Summon Small Mammal            Summoning                    1
   d - Apportation                    Translocation                1
Comestibles
 f - 9 bread rations
 g - 2 meat rations
 r - 3 beef jerkies
 t - 3 fruits
 Q - 5 chunks of flesh


   Skills:
 + Level 7.3 Fighting
 * Level 11.0 Staves
 * Level 1.4(4.8) Slings
 + Level 6.6(6.7) Throwing
 + Level 6.5 Armour
 + Level 6.2 Dodging
 - Level 9.1 Shields


You had 10 spell levels left.
You didn't know any spells.

Dungeon Overview and Level Annotations

Branches:
Dungeon (10/15)            Temple (1/1) D:6             Orc (0/2) D:10
   Lair: D:8-11

Altars:
Ashenzari
Cheibriados
Dithmenos
Elyvilon
Fedhas
Gozag
Kikubaaqudgha
Makhleb
Nemelex Xobeh
Okawaru
Pakellas
Qazlal
Ru
Sif Muna
Trog
Vehumet
Xom
Yredelemnul
Zin
The Shining One

Shops:
D:6 :   D:7 !   D:8 (


Innate Abilities, Weirdness & Mutations

You are under a permanent stasis effect.
You can dig through walls and to a lower floor.
Your four strong arms can wield two-handed weapons with a shield.
You have a pair of large antennae on your head (SInv).
You are hated by all.
You are somewhat inexperienced (-2 XL).


Message History

The ice dragon is moderately wounded.
You thump the ice dragon!
The ice dragon is heavily wounded.
The ice dragon bites you. The ice dragon claws you.
You block the ice dragon's attack.
You hit the ice dragon.
The ice dragon is heavily wounded.
The ice dragon breathes frost at you. The blast of cold hits you!
* * * LOW HITPOINT WARNING * * *
Put on which piece of jewellery? (? for menu, Esc to quit)
You're wearing all the rings you can.
Remove which one? (? for menu, Esc to cancel) < or
v - a ring of protection from magic > or
E - a ring of poison resistance You remove your ring of poison resistance.
You feel more attuned to ice.
H - a ring of ice (right hand)
The ice dragon bites you!
You die...

#≈..≈≈≈≈≈#
##
#...(.≈≈≈#
.#
#...(..≈≈#
.# ###
#........#
.# #.#
#.......# .#
#.# #..(...#
.# #.#
#......# .#
#.# ##.D..##
.# #.#
##@.## .#
#.# #..#
.######.#
#.##
........#
#.#
........#
##.#
...####.#
#..# ...#
#.# #.##
...####.####
#.#
...))......#
#.#


You could see an ice dragon.

Vanquished Creatures
  Erica (D:8)
  2 hill giants (D:10)
  A polar bear (D:8)
  A troll (D:10)
  Grinder (D:5)
  Prince Ribbit (D:7)
  A spriggan (D:7)
  A wyvern (D:9)
  10 yaks
  Grum (D:9)
  2 hippogriffs
  5 wolves
  A hungry ghost (D:10)
  2 water moccasins
  3 sky beasts
  4 ice beasts
  Purgy (Sewer)
  An eye of draining (D:8)
  2 orc warriors
  7 centaurs
  2 ogres
  A crocodile (D:8)
  A big kobold (D:10)
  4 giant frogs
  10 killer bees
  2 scorpions
  2 electric eels (D:8)
  A centaur zombie (D:9)
  A giant frog zombie (D:8)
  A crimson imp (D:7)
  2 quasits
  A giant frog skeleton (D:10)
  8 orc priests
  2 jellies
  A gnoll shaman (D:6)
  8 hounds
  8 orc wizards
  A centaur skeleton (D:5)
  4 iguanas
  10 worker ants
  A giant frog simulacrum (D:8)
  2 hound zombies
  3 hound skeletons
  4 worker ant zombies
  21 gnolls
  15 adders
  An ufetubus (D:8)
  An ooze (D:2)
  2 adder skeletons (D:4)
  An adder zombie (D:7)
  A worm (D:2)
  2 adder simulacra (D:8)
  8 giant geckos
  36 orcs
  2 ball pythons
  10 giant cockroaches
  6 goblins
  8 hobgoblins
  5 jackals
  5 quokkas
  8 bats
  2 giant gecko skeletons (D:6)
  2 giant gecko zombies (D:6)
  5 giant newts
  A jackal skeleton (D:7)
  11 kobolds
  5 rats
286 creatures vanquished.

Vanquished Creatures (others)
  A troll (D:9)
  An adder skeleton (D:9)
2 creatures vanquished.

Grand Total: 288 creatures vanquished

Notes
Turn   | Place    | Note
--------------------------------------------------------------
     0 | D:1      | st0uf the Formicid Fighter began the quest for the Orb.
     0 | D:1      | Reached XP level 1. HP: 18/18 MP: 1/1
   142 | D:1      | Reached XP level 2. HP: 24/24 MP: 2/2
   355 | D:1      | Reached XP level 3. HP: 29/29 MP: 3/3
   416 | D:1      | Reached skill level 4 in Shields
  1066 | D:2      | Reached XP level 4. HP: 33/36 MP: 4/4
  1403 | D:2      | Found a glowing golden altar of the Shining One.
  1466 | D:3      | Found a blossoming altar of Fedhas.
  1548 | D:3      | Reached skill level 1 in Dodging
  1570 | D:3      | Reached XP level 5. HP: 40/42 MP: 5/5
  1845 | D:3      | Reached XP level 6. HP: 27/48 MP: 6/6
  2826 | D:4      | Reached XP level 7. HP: 16/54 MP: 7/7
  3097 | D:4      | Reached skill level 5 in Shields
  3405 | D:4      | Reached skill level 5 in Staves
  3558 | D:5      | Entered Level 5 of the Dungeon
  3591 | D:5      | Noticed Grinder
  3621 | D:5      | Killed Grinder
  3621 | D:5      | Reached XP level 8. HP: 58/61 MP: 8/8
  3795 | D:5      | Reached skill level 5 in Armour
  3823 | D:5      | Reached skill level 6 in Staves
  3824 | D:5      | Found a glowing drain.
  3887 | Sewer    | Entered a sewer
  3954 | Sewer    | Noticed Purgy
  3977 | Sewer    | Killed Purgy
  3977 | Sewer    | Reached skill level 5 in Fighting
  4547 | D:6      | Reached skill level 1 in Throwing
  4733 | D:6      | Found Xiepe's Book Boutique.
  4785 | D:6      | Found a shattered altar of Ashenzari.
  4913 | D:6      | Reached skill level 7 in Staves
  4913 | D:6      | Reached XP level 9. HP: 66/68 MP: 9/9
  4929 | D:6      | Found an oddly glowing altar of Pakellas.
  5030 | D:6      | Found a staircase to the Ecumenical Temple.
  5056 | Temple   | Entered the Ecumenical Temple
  5240 | Temple   | Became a worshipper of Ru the Awakened
  6016 | D:7      | Found a white marble altar of Elyvilon.
  6339 | D:7      | Noticed Prince Ribbit
  6373 | D:7      | Killed Prince Ribbit
  6373 | D:7      | Reached skill level 8 in Staves
  6447 | D:7      | Found Kuth's Distillery.
  6473 | D:7      | Gained mutation: You are somewhat inexperienced (-2 XL). [Ru sacrifice]
  6473 | D:7      | Reached XP level 8. HP: 64/64 MP: 8/8
  6473 | D:7      | Reached XP level 7. HP: 57/57 MP: 7/7
  6473 | D:7      | Reached * piety under Ru
  6484 | D:7      | Bought a potion of heal wounds for 60 gold pieces
  6484 | D:7      | Bought a potion of curing for 36 gold pieces
  6484 | D:7      | Bought a potion of flight for 36 gold pieces
  6484 | D:7      | Bought a potion of mutation for 30 gold pieces
  6546 | D:7      | Found a snail-covered altar of Cheibriados.
  6549 | D:7      | Found an iron altar of Okawaru.
  6552 | D:7      | Found a sparkling altar of Nemelex Xobeh.
  6621 | D:7      | Found a basalt altar of Yredelemnul.
  6701 | D:7      | Reached XP level 8. HP: 64/64 MP: 8/8
  6966 | D:8      | Found Tytule's Weapon Boutique.
  7032 | D:8      | Noticed Erica
  7052 | D:8      | Killed Erica
  7052 | D:8      | Reached XP level 9. HP: 31/69 MP: 9/9
  7298 | D:8      | Reached skill level 5 in Dodging
  7395 | D:8      | Noticed a polar bear
  7415 | D:8      | Killed a polar bear
  7415 | D:8      | Reached skill level 9 in Staves
  7820 | D:8      | Reached skill level 5 in Throwing
  7820 | D:8      | Reached XP level 10. HP: 62/77 MP: 10/10
  8437 | D:8      | Found a burning altar of Makhleb.
  9114 | D:9      | Noticed Grum
  9138 | D:9      | Killed Grum
  9570 | D:9      | Gained mutation: You are hated by all. [Ru sacrifice]
  9570 | D:9      | Reached ** piety under Ru
  9606 | D:9      | Reached skill level 10 in Staves
 10223 | D:10     | Entered Level 10 of the Dungeon
 10307 | D:10     | Noticed a hill giant
 10316 | D:10     | Killed a hill giant
 10316 | D:10     | Reached XP level 11. HP: 80/83 MP: 11/11
 11181 | D:10     | Noticed a hill giant
 11487 | D:10     | Killed a hill giant
 11487 | D:10     | Reached skill level 1 in Slings
 11635 | D:10     | Reached skill level 11 in Staves
 11742 | D:10     | Found a staircase to the Orcish Mines.
 11926 | D:10     | Noticed an ice dragon
 11944 | D:10     | Slain by an ice dragon

Vault maps used:
D:1:      saegor_arrival_simple_d, wad_floor_pattern_untrapped
D:2:      first_bread, serial_curves, eino_curves_04, eino_curves_03,
          eino_curves_04, eino_curves_02, nicolae_tso_swordbearing_angel
D:3:      fedhas_altar_1
D:5:      portal_sewer_entry_a, uniq_grinder
D:6:      kennysheep_mini, lemuel_crystal_altar, minmay_temple_entry_statues,
          serial_shops, nicolae_shop_stone
D:7:      kennysheep_ying_yang, grunt_temple_overflow_diamond, the_bakery,
          kennysheep_windowed_goal, uniq_prince_ribbit1
D:8:      basic_altar, serial_ice, serial_ice_e, serial_ice_l, serial_ice_g,
          serial_ice_m, serial_ice_h, serial_ice_b, serial_ice_f, serial_shops,
          shop_statue, kennysheep_generic_room_14, uniq_erica
D:9:      uniq_grum
D:10:     dragon1_lemuel, orc_0_dummy, mrwooster_statue_mirror
Temple:   chambers_temple_12
Sewer:    sewer_the_crocodile

Action                   |  1- 3 |  4- 6 |  7- 9 | 10-12 || total
-------------------------+-------+-------+-------+-------++-------
Melee: Quarterstaff      |   107 |   249 |   569 |   512 ||  1437
 Fire: Blowgun           |       |       |    53 |    33 ||    86
       Hunting sling     |       |       |       |     3 ||     3
Throw: Stone             |       |       |    25 |       ||    25
       Tomahawk          |       |       |    23 |    25 ||    48
Invok: Sacrifice Experie |       |       |     1 |       ||     1
       Sacrifice Love    |       |       |       |     1 ||     1
 Abil: Dig               |     1 |     8 |    10 |     8 ||    27
  Use: Scroll            |       |       |     5 |       ||     5
       Potion            |       |       |     3 |       ||     3
 Stab: Invisible         |       |       |     3 |     3 ||     6
       Sleeping          |       |       |     1 |       ||     1
       Distracted        |       |       |       |     2 ||     2
  Eat: Chunk             |       |     7 |    19 |    15 ||    41
